 Dungeon Crawl Stone Soup version 0.27.1-1-g398f81649c (webtiles) character file.

Game seed: 6420232568319344388

251 acemry the Changer (level 6, 0/38 HPs)
             Began as an Octopode Transmuter on Sept 5, 2021.
             Slain by a gnoll (4 damage)
             ... on level 3 of the Dungeon.
             The game lasted 00:06:13 (4447 turns).

acemry the Changer (Octopode Transmuter)            Turns: 4447, Time: 00:06:13

Health: 0/38       AC:  1    Str: 15    XL:     6   Next: 13%
Magic:  9/9        EV: 13    Int: 18    God:
Gold:   159        SH:  0    Dex: 12    Spells: 5/9 levels left

rFire    . . .     SeeInvis .     - Unarmed
rCold    . . .     Faith    .   (no shield)
rNeg     . . .     Spirit   .   (helmet currently unavailable)
rPois    .         Reflect  .   (no amulet)
rElec    .         Harm     .   i - +6 ring of strength
rCorr    .         Rampage  .   (no ring)
Will     .....                  (no ring)
Stlth    ++........             (no ring)
HPRegen  0.12/turn              (no ring)
MPRegen  0.11/turn              (no ring)
                                (no ring)
                                (no ring)

@: appendages
A: tentacle spike 3, almost no armour, amphibious, 8 rings, camouflage 1,
gelatinous body 1, (nimble swimmer 1), tentacles
a: End Transformation


You were on level 3 of the Dungeon.
One of your tentacles had grown a beastly spike.
You visited 1 branch of the dungeon, and saw 4 of its levels.

You collected 159 gold pieces.

Inventory:

Missiles
 g - 37 poisoned darts
Jewellery
 i - a +6 ring of strength (left tentacle)
Scrolls
 c - a scroll of teleportation
 d - 2 scrolls of silence {unknown}
 e - a scroll of magic mapping {unknown}
 f - 2 scrolls of identify {unknown}
 j - a scroll of torment {unknown}
 l - a scroll of vulnerability {unknown}
Potions
 h - a potion of magic {unknown}
 k - a potion of flight {unknown}


   Skills:
 - Level 1.0 Fighting
 - Level 2.0 Dodging
 - Level 3.0 Unarmed Combat
 - Level 2.0 Spellcasting
 + Level 6.2 Transmutations


You had 5 spell levels left.
You knew the following spells:

 Your Spells              Type           Power      Damage    Failure   Level
a - Beastly Appendage     Tmut           48%        N/A       1%          1
b - Spider Form           Tmut/Pois      6%         N/A       16%         3

Your spell library contained the following spells:

 Spells                   Type           Power      Damage    Failure   Level
 Wereblood                Tmut           24%        N/A       1%          2
 Ice Form                 Ice/Tmut       13%        N/A       45%         4


Dungeon Overview and Level Annotations

Branches:
Dungeon (4/15)
 Temple: D:4-7

Altars:


Innate Abilities, Weirdness & Mutations

One of your tentacles has grown a beastly spike.
You cannot wear most types of armour.
You are amphibious.
You can wear up to eight rings at the same time.
Your skin changes colour to match your surroundings (Stealth+).
Your rubbery body absorbs attacks. (AC +1, EV +1)
((You are camouflaged near water. (Stealth+)))
You have tentacles for arms and can constrict up to eight enemies at once.


Message History

You tentacle-slap the gnoll but do no damage.
You pierce the gnoll.
You squeeze the gnoll.
The gnoll is severely wounded.
You constrict the gnoll. The jackal barely misses you.
You tentacle-slap the gnoll.
You kill the gnoll!
The jackal bites you.
The gnoll shouts!
You tentacle-slap the jackal.
You kill the jackal!
A jackal comes into view.
The jackal barely misses you.
Things that are here:
a +0 flail; a gnoll corpse You barely miss the jackal.
The jackal barks!
Your grab misses the jackal.
Your tentacle spike misses the jackal.
The jackal bites you. The jackal misses you.
The gnoll throws a throwing net.
The throwing net hits you.
You become entangled in the net!
The jackal bites you but does no damage.
There is a stone staircase leading up, spattered with blood here.
You see here a throwing net.
You struggle against the net.
The jackal bites you. x2
You tear a large gash into the net.
The jackal barely misses you. The jackal bites you. x2
You rip the net and break free!
The jackal barely misses you. x2
The gnoll hits you with a +0 club!
The jackal bites you but does no damage.
The jackal barely misses you. The jackal bites you.
The jackal barely misses you. The gnoll hits you with a +0 club.
* * * LOW HITPOINT WARNING * * *
The jackal misses you. The jackal bites you.
* * * LOW HITPOINT WARNING * * *
The jackal bites you.
* * * LOW HITPOINT WARNING * * *
You climb upwards.
There is a stone staircase leading down, spattered with blood here.
The jackal misses you. The gnoll hits you with a +0 club.
You die...

#.....^.......######
#.......<...........
##............######
#............# #............#
#.######...### #.# #.).#
###g######...########
#####..h@.....(.........#
#.....h)h#####...######.#
#########........#####...######.#
.)......'........+..).........#..
#########........####.........#..
#................# #...).....#..
#.....#####.##...# #.........#..
#####.# #.####.# #...<.....###
..# #.# ###......# #............


You could see a gnoll and 3 jackals.

Vanquished Creatures
  A phantom (D:4)
  A hound (D:4)
  An orc wizard (D:3)
  3 gnolls
  2 adders (D:2)
  A dart slug (D:1)
  4 orcs
  5 endoplasms
  7 goblins
  3 hobgoblins
  4 jackals
  6 kobolds
  2 quokkas (D:1)
  7 ball pythons
  8 bats
  5 frilled lizards
  7 rats
67 creatures vanquished.

Notes
Turn   | Place    | Note
-------+----------+-------------------------------------------
     0 | D:1      | acemry the Octopode Transmuter began the quest for the Orb.
     0 | D:1      | Reached XP level 1. HP: 13/13 MP: 3/3
   350 | D:1      | Reached XP level 2. HP: 18/18 MP: 5/5
   501 | D:1      | Reached skill level 3 in Transmutations
  1010 | D:1      | Reached XP level 3. HP: 23/23 MP: 4/6
  1382 | D:1      | You fall into a shaft and drop 1 floor!
  1495 | D:2      | Reached skill level 4 in Transmutations
  1980 | D:2      | Found a faded altar of an unknown god.
  2528 | D:2      | Reached XP level 4. HP: 28/28 MP: 5/7
  2613 | D:2      | Learned a level 3 spell: Spider Form
  3655 | D:4      | Noticed a phantom
  3673 | D:4      | Killed a phantom
  3674 | D:4      | Reached skill level 5 in Transmutations
  3674 | D:4      | Reached XP level 5. HP: 7/33 MP: 8/8
  3998 | D:4      | Reached skill level 6 in Transmutations
  4151 | D:3      | Reached XP level 6. HP: 13/38 MP: 7/9
  4447 | D:3      | Slain by a gnoll

Illustrated notes

Levels and vault maps discovered:
D:1:      dpeg_arrival_solitude, layout_basic, corexii_leaking_fountain,
          minmay_pentomino_u2
D:2:      layout_basic, basic_ecumenical_altar
D:3:      layout_basic
D:4:      layout_cave_pods, general_overflow_altar, dk_rats_in_the_wall,
          uniq_eustachio, uniq_grinder, uniq_natasha

Skill      XL: |  1  2  3  4  5 |
---------------+----------------+-----
Transmutations | 3 4 5 6 |  6.2
Fighting       | |  1.0
Dodging        | |  2.0
Unarmed Combat | |  3.0
Spellcasting   | |  2.0

Action                   |  1- 3 |  4- 6 || total
-------------------------+-------+-------++-------
Melee: Unarmed           |    79 |    71 ||   150
       Constrict         |    21 |    18 ||    39
       Kick              |    17 |    17 ||    34
       Tentacles         |    11 |    13 ||    24
       Punch             |       |     1 ||     1
 Cast: Beastly Appendage |    25 |    16 ||    41
  Use: Potion            |     1 |     1 ||     2
       Scroll            |       |     3 ||     3
 Stab: Sleeping          |    11 |     1 ||    12
Armor: Skin              |     5 |     9 ||    14
Dodge: Dodged            |    45 |    73 ||   118
